 Dungeon Crawl Stone Soup version 0.29.1-2-gbd0b4ee654 (webtiles) character file.

Game seed: 1908987795213958304

277 zermelo the Cleaver (level 6, 0/51 HPs)
             Began as a Minotaur Berserker on Dec 1, 2022.
             Was a Believer of Trog.
             Slain by a gnoll
             ... wielding a +0 spear
              (2 damage)
             ... on level 3 of the Dungeon.
             The game lasted 00:06:16 (2541 turns).

zermelo the Cleaver (Minotaur Berserker)            Turns: 2541, Time: 00:06:17

Health: 0/51       AC:  9    Str: 24    XL:     6   Next: 4%
Magic:  5/5        EV:  8    Int:  4    God:    Trog [**....]
Gold:   143        SH:  0    Dex:  9    Spells: 5/5 levels left

rFire   . . .      SeeInvis .   a - +0 hand axe
rCold   . . .      Faith    .   (no shield)
rNeg    . . .      Spirit   .   h - +0 chain mail
rPois   .          Reflect  .   g - +1 hat
rElec   .          Harm     .   (no cloak)
rCorr   .          Rampage  .   (no gloves)
Will    .....                   (no boots)
Stlth   ..........              (no amulet)
HPRegen 0.17/turn               (no ring)
MPRegen 0.09/turn               (no ring)

@: on berserk cooldown, slowed, very slow
A: horns 2, retaliatory headbutt
a: Renounce Religion, Berserk, Trog's Hand


You were on level 3 of the Dungeon.
You worshipped Trog.
Trog was pleased with you.
You visited 1 branch of the dungeon, and saw 3 of its levels.

You collected 143 gold pieces.

Inventory:

Hand Weapons
 a - a +0 hand axe (weapon)
Armour
 g - a +1 hat (worn)
 h - a +0 chain mail (worn)
Jewellery
 m - a ring of protection from fire
Scrolls
 e - a scroll of vulnerability {unknown}
 f - 2 scrolls of amnesia {unknown}
 k - 3 scrolls of teleportation {unknown}
 l - a scroll of enchant armour {unknown}
 o - 2 scrolls of silence {unknown}
 p - a scroll of blinking {unknown}
 q - a scroll of identify {unknown}
Potions
 b - a potion of cancellation {unknown}
 c - a potion of attraction {unknown}
 d - a potion of might {unknown}
 i - 2 potions of magic {unknown}
 j - 2 potions of resistance {unknown}
 n - 2 potions of curing


   Skills:
 - Level 3.6 Fighting
 + Level 8.2 Axes
 - Level 2.4 Armour
 - Level 2.1 Dodging


You had 5 spell levels left.
You didn't know any spells.
Your spell library was empty.

Dungeon Overview and Level Annotations

Branches:
Dungeon (3/15)

Altars:
Kikubaaqudgha
Sif Muna
Vehumet
Yredelemnul


Innate Abilities, Weirdness & Mutations

You have a pair of horns on your head.
You reflexively headbutt those who attack you in melee.


Message History

A gnoll comes into view. It is wielding a +0 spear.
Things that are here:
a +0 spear; a gnoll corpse You feel a strong urge to attack something.
You are no longer berserk.
You are exhausted.
You feel yourself slow down.
The gnoll shouts!
You hit the gnoll.
The gnoll is moderately wounded.
The gnoll hits you but does no damage. x2; The gnoll closely misses you.
You slash the gnoll!
You kill the gnoll!
Trog accepts your kill.
The gnoll hits you from afar with a +0 spear.
The gnoll hits you from afar with a +0 spear!
* * * LOW HITPOINT WARNING * * *
Things that are here:
a +0 spear; a gnoll corpse You see here an emerald potion.
The gnoll closely misses you.
Items here: )) [ †.
The gnoll hits you with a +0 spear.
* * * LOW HITPOINT WARNING * * *
Items here: )) [ †.
You slash the gnoll!
The gnoll is heavily wounded.
The gnoll hits you with a +0 spear.
* * * LOW HITPOINT WARNING * * *
You barely miss the gnoll. Your headbutt misses the gnoll.
The gnoll is heavily wounded.
The gnoll hits you but does no damage. The gnoll hits you with a +0 spear.
* * * LOW HITPOINT WARNING * * *
You hit the gnoll but do no damage.
The gnoll is heavily wounded.
The gnoll hits you but does no damage.
You hit the gnoll.
The gnoll is severely wounded.
The gnoll hits you but does no damage. The gnoll hits you with a +0 spear.
You die...

#.# #......... #
#.# ##.####### #.
#.# #.# .###.##.#
#.# ........# #<#
.......)# #.#
#.###########.#
##g##..........#
####.)!#@##########
........g.#
#####...###
#....... #..######
#.. ... ##


You could see a gnoll.

Vanquished Creatures
  An orc priest (D:3)
  Natasha (thrice) (D:2)
  3 orc wizards (D:3)
  3 adders (D:2)
  2 gnolls (D:3)
  A worm (D:3)
  3 orcs (D:3)
  4 ball pythons
  8 bats
  8 endoplasms
  A giant cockroach (D:1)
  4 hobgoblins
  2 jackals (D:2)
  A quokka (D:2)
  8 frilled lizards
  A goblin (D:1)
  2 kobolds (D:2)
  3 rats (D:1)
58 creatures vanquished.

Notes
Turn   | Place    | Note
-------+----------+-------------------------------------------
     0 | D:1      | zermelo the Minotaur Berserker began the quest for the Orb.
     0 | D:1      | Reached XP level 1. HP: 19/19 MP: 0/0
   216 | D:1      | Reached skill level 4 in Axes
   379 | D:1      | Found a faded altar of an unknown god.
   398 | D:1      | Reached XP level 2. HP: 26/26 MP: 1/1
   859 | D:2      | Reached skill level 5 in Axes
   859 | D:2      | Reached XP level 3. HP: 31/31 MP: 2/2
  1013 | D:2      | Reached ** piety under Trog
  1227 | D:2      | Found a basalt altar of Yredelemnul.
  1400 | D:2      | Noticed Natasha
  1406 | D:2      | Killed Natasha
  1407 | D:2      | Reached skill level 6 in Axes
  1407 | D:2      | Reached XP level 4. HP: 30/39 MP: 3/3
  1534 | D:2      | Noticed Natasha
  1539 | D:2      | Killed Natasha
  1620 | D:2      | Noticed Natasha
  1634 | D:2      | Killed Natasha
  1635 | D:2      | Reached XP level 5. HP: 20/45 MP: 4/4
  1762 | D:2      | Reached skill level 7 in Axes
  2260 | D:3      | Found a shimmering blue altar of Sif Muna.
  2290 | D:3      | Found an ancient bone altar of Kikubaaqudgha.
  2409 | D:3      | Found a radiant altar of Vehumet.
  2521 | D:3      | Reached skill level 8 in Axes
  2528 | D:3      | Reached XP level 6. HP: 28/51 MP: 5/5
  2539 | D:3      | HP: 1/51 [gnoll/+0 spear (2)]
  2541 | D:3      | Slain by a gnoll

Illustrated notes

Levels and vault maps discovered:
D:1:      eino_arrival_water_cross, layout_rooms, serial_corexii_hall,
          corexii_hall_statues_i, corexii_hall_statues_t,
          corexii_hall_statues_l, shapermc_ecumenical_altar_mp_highgroup,
          chequers_serial_rivers_large_b, chequers_serial_rivers_small_b
D:2:      layout_loops_corners, basic_altar, st_stairs_13, uniq_natasha
D:3:      layout_loops_ring, palyth_temple_overflow_mages,
          gammafunk_ghost_necromancy

Skill      XL: |  1  2  3  4  5 |
---------------+----------------+-----
Axes           | 4 5 6 8 |  8.2
Fighting       | |  3.6
Armour         | |  2.4
Dodging        | |  2.1

Action                   |  1- 3 |  4- 6 || total
-------------------------+-------+-------++-------
Melee: Hand axe          |    76 |    71 ||   147
       Headbutt          |    12 |    10 ||    22
Invok: Berserk           |       |     1 ||     1
Armor: Chain mail        |    33 |    22 ||    55
       Animal skin       |     1 |       ||     1
Dodge: Dodged            |    33 |    21 ||    54
